[Event "Titled Tuesday Blitz January 17 Late 2023"]
[White "Liu, Casper"]
[Black "Stanisz, Patryk"]
[WhiteFideId "1454153"]
[BlackFideId "1123106"]
[WhiteElo "2278"]
[BlackElo "2161"]
[Result "1-0"]
[Round "05"]
[TimeControl "180+2"]
[Date "2023.01.17"]
[WhiteClock "0:01:26"]
[BlackClock "0:00:06"]

1. d4 d5 2. c4 c6 3. Nc3 Nf6 4. Nf3 e6 5. Bg5 h6 6. Bh4 dxc4 7. e4 g5 8. Bg3 b5 9. e5 Nh5 10. Nd2 Nxg3 11. hxg3 Bb7 12. Nde4 Be7 13. Be2 Nd7 14. Bh5 b4 15. Qf3 Rf8 16. Ne2 c5 17. Nd6+ Bxd6 18. Qxb7 Be7 19. d5 Rb8 20. Qc6 Rc8 21. Qa4 Qb6 22. Rd1 Rd8 23. d6 a6 24. dxe7 Kxe7 25. f4 Qb7 26. Bf3 Qc7 27. Qxa6 Nb6 28. Rxh6 Rxd1+ 29. Kxd1 Rd8+ 30. Ke1 gxf4 31. gxf4 Ra8 32. Bxa8 1-0


[Site "https://www.chess.com"]

[Event "Titled Tuesday Blitz January 17 Late 2023"]
[White "Thiel, Thomas"]
[Black "rikchessmx"]
[WhiteFideId "4615964"]
[WhiteElo "2234"]
[BlackElo "2289"]
[Result "0-1"]
[Round "05"]
[TimeControl "180+2"]
[Date "2023.01.17"]
[WhiteClock "0:00:37"]
[BlackClock "0:01:59"]

1. e4 e5 2. Nf3 Nc6 3. d4 exd4 4. Nxd4 Qf6 5. Nb5 Qd8 6. N1c3 a6 7. Nd4 Bc5 8. Be3 Ba7 9. Nxc6 bxc6 10. Bxa7 Rxa7 11. Qd4 Rb7 12. Qxg7 Qf6 13. Qxf6 Nxf6 14. O-O-O Rb8 15. f3 d6 16. Bc4 Ke7 17. Rhe1 Nd7 18. f4 Rg8 19. g3 h5 20. Be2 Rh8 21. Bf3 Nc5 22. Rd4 Bg4 23. Bh1 h4 24. b3 hxg3 25. hxg3 Rh3 26. Rg1 Rbh8 27. Bg2 Rxg3 28. e5 d5 29. f5 Bxf5 30. Rf4 Bh3 31. Rgf1 Bxg2 32. Rxf7+ Ke8 0-1


[Site "https://www.chess.com"]

[Event "Titled Tuesday Blitz January 17 Late 2023"]
[White "Sabar, Ethmane Daouda"]
[Black "Ferriz Barrios, Andres"]
[WhiteFideId "19600097"]
[BlackFideId "5104467"]
[WhiteElo "2040"]
[BlackElo "2102"]
[Result "0-1"]
[Round "05"]
[TimeControl "180+2"]
[Date "2023.01.17"]
[WhiteClock "0:00:11"]
[BlackClock "0:01:53"]

1. e4 e6 2. d4 d5 3. Nc3 dxe4 4. Nxe4 Nd7 5. Nf3 Ngf6 6. Nc3 b6 7. Bd3 Bb7 8. O-O Bd6 9. Re1 a6 10. Bg5 h6 11. Bh4 O-O 12. Ne5 Be7 13. Qe2 Nxe5 14. dxe5 Nd7 15. Bxe7 Qxe7 16. Rad1 Nc5 17. Ne4 Nxd3 18. Rxd3 Rad8 19. Red1 Rxd3 20. Qxd3 Qb4 21. c4 Qxb2 22. Re1 Qxe5 0-1


[Site "https://www.chess.com"]

[Event "Titled Tuesday Blitz January 17 Late 2023"]
[White "Castellanos Hernandez, Emilio Au"]
[Black "Bongo Akanga Ndjila, Barthelemy"]
[WhiteFideId "5114179"]
[BlackFideId "10609431"]
[WhiteElo "1964"]
[BlackElo "1824"]
[Result "1-0"]
[Round "05"]
[TimeControl "180+2"]
[Date "2023.01.17"]
[WhiteClock "0:02:38"]
[BlackClock "0:02:20"]

1. d4 d5 2. Bf4 Nf6 3. e3 e6 4. Nf3 Bd6 5. Bg3 O-O 6. Nbd2 c5 7. c3 Qc7 8. Bd3 Nbd7 9. e4 dxe4 10. Nxe4 Nxe4 11. Bxe4 Nf6 12. Bc2 b6 13. dxc5 bxc5 14. Bxd6 Qb6 15. Bxf8 Kxf8 16. O-O 1-0


[Site "https://www.chess.com"]

[Event "Titled Tuesday Blitz January 17 Late 2023"]
[White "Adithya A Chullikkad"]
[Black "Cueto, Jonny"]
[WhiteFideId "45078734"]
[BlackFideId "3300145"]
[WhiteElo "2259"]
[BlackElo "2122"]
[Result "1-0"]
[Round "05"]
[TimeControl "180+2"]
[Date "2023.01.17"]
[WhiteClock "0:00:31"]
[BlackClock "0:00:03"]

1. d4 e6 2. Bf4 b6 3. e4 Bb7 4. f3 d5 5. e5 Nd7 6. Bd3 c5 7. c3 Rc8 8. Ne2 Ne7 9. Na3 Ng6 10. Bg3 cxd4 11. cxd4 Bb4+ 12. Kf2 f6 13. Nc2 Be7 14. Bxg6+ hxg6 15. Nf4 Kf7 16. exf6 Nxf6 17. Nd3 Rf8 18. Ne5+ Kg8 19. Re1 Ne4+ 20. Kg1 Nxg3 21. hxg3 g5 22. Ne3 Bd6 23. N3g4 Qe7 24. Ng6 Qf7 25. Nxf8 Rxf8 26. Qe2 Bxg3 27. Rec1 Qh5 28. Qxe6+ Kh8 29. Qe7 Rf4 30. Qxb7 Rxg4 31. Qc8+ Kh7 32. Qf5+ Kh6 33. Rc6+ g6 34. Qf8+ Kh7 35. Qf7+ 1-0


[Site "https://www.chess.com"]

[Event "Titled Tuesday Blitz January 17 Late 2023"]
[White "Jobava, Baadur"]
[Black "Nakamura, Hikaru"]
[WhiteFideId "13601520"]
[BlackFideId "2016192"]
[WhiteElo "2578"]
[BlackElo "2775"]
[Result "0-1"]
[Round "06"]
[TimeControl "180+2"]
[Date "2023.01.17"]
[WhiteClock "0:00:01"]
[BlackClock "0:00:15"]

1. e4 e5 2. Nf3 Nc6 3. Bc4 Nf6 4. d3 Bc5 5. c3 d6 6. b4 Bb6 7. a4 a6 8. O-O h6 9. Nbd2 O-O 10. Bb3 Ne7 11. Nc4 Ba7 12. Be3 Ng6 13. Bxa7 Rxa7 14. Ne3 a5 15. b5 c6 16. Re1 Re8 17. g3 d5 18. Qc2 Be6 19. Rab1 Ra8 20. bxc6 bxc6 21. exd5 cxd5 22. d4 e4 23. Ne5 Rc8 24. Nxg6 fxg6 25. Ba2 Kh8 26. Rb5 Bd7 27. Rc5 Rxc5 28. dxc5 Bc6 29. Rd1 Qe7 30. Nxd5 Bxd5 31. Bxd5 Qxc5 32. Bf7 Rf8 33. Bxg6 Ng4 34. Rd4 Nxf2 35. Kg2 e3 36. Rf4 Rxf4 37. gxf4 Qd5+ 38. Kg3 Nh1+ 39. Kg4 Qe6+ 40. Kf3 e2 0-1


[Site "https://www.chess.com"]

[Event "Titled Tuesday Blitz January 17 Late 2023"]
[White "Andreikin, Dmitry"]
[Black "Tang, Andrew"]
[WhiteFideId "4158814"]
[BlackFideId "2059630"]
[WhiteElo "2729"]
[BlackElo "2523"]
[Result "0-1"]
[Round "06"]
[TimeControl "180+2"]
[Date "2023.01.17"]
[WhiteClock "0:00:45"]
[BlackClock "0:00:04"]

1. Nf3 d5 2. d4 Nf6 3. c4 e6 4. g3 dxc4 5. Bg2 Nc6 6. O-O Rb8 7. Bg5 Be7 8. e3 b5 9. b3 Ba6 10. bxc4 bxc4 11. Nc3 O-O 12. Ne5 Nxe5 13. dxe5 Nd7 14. Bf4 g5 15. Qg4 Kh8 16. Rad1 gxf4 17. Qh5 Bb7 18. Ne4 Qe8 19. exf4 f5 20. Qxe8 Rfxe8 21. Rxd7 fxe4 22. Rc1 Bd5 23. Bf1 Ba3 24. Rc3 Bb2 25. Rxc4 Bxc4 26. Bxc4 Rbd8 27. Bxe6 Rxd7 28. Bxd7 Rd8 29. Bc6 Rd2 30. e6 Ba3 31. g4 Bc5 32. f5 Rxf2 33. Kh1 e3 34. Bb5 h6 0-1


[Site "https://www.chess.com"]

[Event "Titled Tuesday Blitz January 17 Late 2023"]
[White "Abdrlauf, Elham"]
[Black "Chigaev, Maksim"]
[WhiteFideId "1533533"]
[BlackFideId "4108116"]
[WhiteElo "2518"]
[BlackElo "2628"]
[Result "1-0"]
[Round "06"]
[TimeControl "180+2"]
[Date "2023.01.17"]
[WhiteClock "0:00:06"]
[BlackClock "0:00:06"]

1. e4 c5 2. Nf3 e6 3. c3 d5 4. e5 Nc6 5. d4 Bd7 6. Bd3 Qb6 7. dxc5 Bxc5 8. O-O a5 9. Nbd2 Nge7 10. Nb3 Ng6 11. Nxc5 Qxc5 12. Be3 Qe7 13. Bd4 O-O 14. Qd2 f6 15. exf6 gxf6 16. Rfe1 Qg7 17. Bc5 Rf7 18. Be3 Nge5 19. Nxe5 Nxe5 20. Be2 Kh8 21. Bd4 Rg8 22. g3 Nc6 23. Bf3 e5 24. Be3 Be6 25. Bxd5 Rd7 26. c4 Rgd8 27. Qe2 Bxd5 28. cxd5 Rxd5 29. Rad1 Qg6 30. Rxd5 Rxd5 31. Rd1 Qe4 32. Rxd5 Qxd5 33. Qh5 Qd7 34. Qh6 Qd1+ 35. Kg2 Qd5+ 36. Kg1 Qf7 37. Qh3 f5 38. Qh4 Kg8 39. Qg5+ Qg6 40. Qh4 f4 41. Bb6 Qb1+ 42. Kg2 Qe4+ 43. f3 Qe2+ 44. Bf2 Nd4 45. Qg4+ Kf7 46. gxf4 Nc2 47. Qf5+ Kg8 48. Qe6+ Kg7 49. Qxe5+ Qxe5 50. fxe5 Kg6 51. f4 Kf5 52. a3 Na1 53. Be1 Nb3 54. Bc3 a4 55. Kf3 Nc5 56. Ke3 Ne6 57. Kd3 b5 58. Bd2 h6 59. Kc3 h5 60. Kb4 Nd4 61. Bc3 Ne2 62. Kxb5 Nxf4 63. Kxa4 h4 64. Kb5 Kg4 65. a4 Kh3 66. a5 Kxh2 67. a6 h3 68. a7 Ne6 69. Kc6 Nd8+ 70. Kc7 Ne6+ 71. Kc8 1-0


[Site "https://www.chess.com"]

[Event "Titled Tuesday Blitz January 17 Late 2023"]
[White "Eljanov, Pavel"]
[Black "Rasulov, Vugar"]
[WhiteFideId "14102951"]
[BlackFideId "13402390"]
[WhiteElo "2705"]
[BlackElo "2523"]
[Result "0-1"]
[Round "06"]
[TimeControl "180+2"]
[Date "2023.01.17"]
[WhiteClock "0:00:38"]
[BlackClock "0:00:58"]

1. d4 Nf6 2. c4 e6 3. Nc3 Bb4 4. e3 O-O 5. Bd3 d5 6. a3 Be7 7. Nf3 c5 8. O-O cxd4 9. exd4 Nc6 10. c5 b6 11. b4 Bb7 12. Re1 a5 13. b5 Nxd4 14. Nxd4 bxc5 15. Nf3 Nd7 16. Na4 Bf6 17. Bb2 Bxb2 18. Nxb2 c4 19. Bc2 Re8 20. Na4 e5 21. Bf5 f6 22. Bxd7 Qxd7 23. Nb6 Qxb5 24. Rb1 Qc5 25. Nxa8 Bxa8 26. Nd4 Qxa3 27. Nf5 g6 28. Qg4 Bc6 29. Rb6 Qc5 30. Reb1 c3 31. Rb8 c2 32. Rxe8+ Bxe8 33. Rc1 Qa3 0-1


[Site "https://www.chess.com"]

[Event "Titled Tuesday Blitz January 17 Late 2023"]
[White "Bortnyk, Mykola"]
[Black "Sadhwani, Raunak"]
[WhiteFideId "14120836"]
[BlackFideId "35093487"]
[WhiteElo "2425"]
[BlackElo "2627"]
[Result "0-1"]
[Round "06"]
[TimeControl "180+2"]
[Date "2023.01.17"]
[WhiteClock "0:00:04"]
[BlackClock "0:00:05"]

1. e4 g6 2. d4 Bg7 3. Nc3 d6 4. h3 a6 5. g4 b5 6. Bg2 Bb7 7. a3 Nd7 8. Nge2 c5 9. Be3 cxd4 10. Bxd4 Ngf6 11. O-O O-O 12. Be3 Qc7 13. Ng3 Ne5 14. Qc1 Nc4 15. Bg5 Rac8 16. Nce2 Rfe8 17. c3 Nd7 18. Kh2 Nc5 19. Qc2 h6 20. Bc1 e5 21. b3 Nb6 22. Be3 d5 23. Rad1 Red8 24. b4 Nca4 25. Qc1 Kh7 26. f4 exf4 27. Bxf4 Qe7 28. e5 d4 29. Bxb7 Qxb7 30. Rxd4 Rxd4 31. Nxd4 Rxc3 32. Qe1 Rxa3 33. e6 Bxd4 34. e7 Ra2+ 35. Bd2 Rxd2+ 36. Qxd2 Qxe7 37. Qxd4 Qc7 38. Qf2 Kg8 39. Kg1 Nc3 40. Qf3 Nbd5 41. h4 Qxg3+ 42. Qxg3 Ne2+ 43. Kg2 Nxg3 44. Kxg3 Nxb4 45. Rf6 Kf8 46. Rb6 Ke7 47. Kf3 Kd7 48. Rb7+ Ke6 49. Rb6+ Ke5 50. Rb7 Ke6 51. Ke4 f5+ 52. gxf5+ gxf5+ 53. Kd4 Nc2+ 54. Kc5 f4 55. Rb6+ Kf5 56. Rxh6 f3 57. Rh8 Ne3 58. h5 Kf4 59. Rf8+ Nf5 60. h6 f2 61. h7 f1=Q 62. h8=Q Qc4+ 63. Kb6 Qe6+ 64. Ka7 a5 65. Qh2+ Kf3 66. Qh1+ Kf4 67. Qf1+ Ke4 68. Qe2+ Ne3 69. Rc8 b4 70. Rb8 Qd7+ 71. Rb7 Qd4+ 72. Ka8 Qd8+ 73. Ka7 Qd4+ 74. Rb6 a4 75. Qh2 b3 76. Qh4+ Kd3 77. Qh1 Nc4 78. Qb1+ Kc3 79. Qc1+ Kd3 80. Qd1+ Ke4 81. Qg4+ Ke3 82. Qg1+ Kd3 83. Qf1+ Kc2 84. Qe2+ Kb1 85. Qe1+ Ka2 86. Qe2+ b2 87. Ka8 Nxb6+ 88. Kb7 Nc4 0-1


[Site "https://www.chess.com"]

[Event "Titled Tuesday Blitz January 17 Late 2023"]
[White "Esipenko, Andrey"]
[Black "Ibarra Jerez, Jose Carlos"]
[WhiteFideId "24175439"]
[BlackFideId "2226332"]
[WhiteElo "2679"]
[BlackElo "2563"]
[Result "1-0"]
[Round "06"]
[TimeControl "180+2"]
[Date "2023.01.17"]
[WhiteClock "0:00:02"]
[BlackClock "0:00:01"]

1. e4 c5 2. Nf3 Nc6 3. Bb5 e6 4. Bxc6 bxc6 5. b3 e5 6. Nxe5 Qe7 7. Bb2 d6 8. Nc4 d5 9. Ne3 d4 10. Nc4 Qxe4+ 11. Qe2 Qxe2+ 12. Kxe2 Nf6 13. Re1 Be6 14. d3 O-O-O 15. Nbd2 Nd5 16. Ba3 Nc3+ 17. Kf1 Nb5 18. Bb2 Bd5 19. Ne4 Nc7 20. Bc1 Bxc4 21. bxc4 Ne6 22. Bg5 Rd7 23. Bh4 Rb7 24. Bg3 Be7 25. Bd6 Rd8 26. Bxe7 Rxe7 27. Nxc5 Rde8 28. Ne4 Kc7 29. Rab1 f5 30. Nd2 Nc5 31. Rxe7+ Rxe7 32. Nf3 Rd7 33. Re1 Na4 34. Re5 Nc3 35. Rxf5 Kb6 36. a3 c5 37. Nd2 a5 38. Re5 a4 39. f4 Rb7 40. Ne4 Nxe4 41. Rxe4 Kc6 42. Re6+ Kd7 43. Ra6 Rb2 44. Rxa4 Ke6 45. Ra7 Kf6 46. Rc7 Rxc2 47. Rxc5 Rc3 48. Ke2 Rxa3 49. Rd5 Ra2+ 50. Kf3 h5 51. Rxd4 g6 52. Rd6+ Kf5 53. h3 h4 54. Rd5+ Kf6 55. c5 Rc2 56. Rg5 Rd2 57. Ke3 Rc2 58. Kd4 Rf2 59. Rg4 Kf5 60. Kd5 Rd2 61. d4 Rc2 62. c6 Rd2 63. Kc5 Ke4 64. f5+ Kxf5 65. d5 Ke5 66. Kb6 Kxd5 67. Rg5+ 1-0


[Site "https://www.chess.com"]

[Event "Titled Tuesday Blitz January 17 Late 2023"]
[White "Artemiev, Vladislav"]
[Black "Mikaelyan, Arman"]
[WhiteFideId "24101605"]
[BlackFideId "13304852"]
[WhiteElo "2701"]
[BlackElo "2523"]
[Result "1/2-1/2"]
[Round "06"]
[TimeControl "180+2"]
[Date "2023.01.17"]
[WhiteClock "0:00:03"]
[BlackClock "0:00:10"]

1. c4 c6 2. Nf3 d5 3. e3 Nf6 4. Qc2 g6 5. b3 Bg7 6. Bb2 O-O 7. Be2 Bg4 8. O-O Nbd7 9. d3 e6 10. Nbd2 Qe7 11. Rac1 a5 12. a3 Rfc8 13. h3 Bxf3 14. Nxf3 Ne8 15. d4 Nd6 16. Nd2 e5 17. dxe5 Nxe5 18. cxd5 cxd5 19. Qb1 Qe6 20. Rxc8+ Rxc8 21. Rd1 h5 22. Rc1 Rxc1+ 23. Qxc1 Ne4 24. Nxe4 dxe4 25. Qc2 Qd5 26. Bd4 Nc6 27. Bb6 Kh7 28. Bc4 Qe5 29. Bxf7 Qa1+ 30. Kh2 Qe5+ 31. g3 Qf5 32. Bc4 Ne5 33. Qe2 Nf3+ 34. Kg2 Qe5 35. Qd1 h4 36. Bd4 Nxd4 37. exd4 Qxd4 38. Qg4 hxg3 39. Qh4+ Bh6 40. Qxg3 e3 41. Qc7+ Qg7 42. Qxg7+ Kxg7 43. fxe3 Bxe3 44. a4 Bc5 45. Kf3 Kf6 1/2-1/2


[Site "https://www.chess.com"]

[Event "Titled Tuesday Blitz January 17 Late 2023"]
[White "Urazayev, Arystanbek"]
[Black "Sarana, Alexey"]
[WhiteFideId "13709810"]
[BlackFideId "24133795"]
[WhiteElo "2460"]
[BlackElo "2685"]
[Result "1-0"]
[Round "06"]
[TimeControl "180+2"]
[Date "2023.01.17"]
[WhiteClock "0:00:34"]
[BlackClock "0:00:09"]

1. e4 e5 2. Nf3 Nc6 3. Nc3 Nf6 4. d4 exd4 5. Nxd4 Bb4 6. Nxc6 bxc6 7. Bd3 O-O 8. O-O d5 9. Bd2 Re8 10. Nxd5 Nxd5 11. exd5 Bxd2 12. Qxd2 cxd5 13. Rfe1 Be6 14. Re5 f6 15. Re2 Bf7 16. Rae1 Rxe2 17. Rxe2 Qd6 18. b4 d4 19. a4 Re8 20. Rxe8+ Bxe8 21. b5 Bf7 22. h4 h6 23. Qe1 Kf8 24. Qe4 Qd5 25. Qh7 Bg8 26. Qh8 f5 27. h5 Kf7 28. a5 Kf6 29. a6 Qf7 30. Be2 Qe6 31. Bf3 Kf7 32. g3 Qc4 33. Bc6 Kf8 34. Kg2 Qf7 35. Bf3 f4 36. g4 Qe6 37. Kh3 Kf7 38. Bc6 Qc4 39. Kg2 Kf8 40. Be4 Qe6 41. Kf3 Qf7 42. Bh7 Qd5+ 43. Kxf4 Qg5+ 44. Kf3 Qd5+ 45. Kg3 Qe5+ 46. Kh3 Qd5 47. Qxg8+ Qxg8 48. Bxg8 Kxg8 49. Kg3 Kf7 50. Kf4 Kf6 51. Ke4 Kg5 52. f3 Kh4 53. Kxd4 Kg3 1-0


[Site "https://www.chess.com"]

[Event "Titled Tuesday Blitz January 17 Late 2023"]
[White "Boruchovsky, Avital"]
[Black "Duda, Jan-Krzysztof"]
[WhiteFideId "2800055"]
[BlackFideId "1170546"]
[WhiteElo "2539"]
[BlackElo "2724"]
[Result "0-1"]
[Round "06"]
[TimeControl "180+2"]
[Date "2023.01.17"]
[WhiteClock "0:00:06"]
[BlackClock "0:00:03"]

1. e4 e6 2. d4 c5 3. Nc3 cxd4 4. Qxd4 Nc6 5. Qd2 Nf6 6. Nf3 d5 7. exd5 exd5 8. Bb5 Bd6 9. O-O O-O 10. h3 a6 11. Bd3 h6 12. a3 Bc7 13. b4 Qd6 14. Re1 Be6 15. Bb2 Rad8 16. Rad1 b5 17. Ne2 Bc8 18. Ned4 Ne4 19. Bxe4 dxe4 20. Rxe4 Qg6 21. Qe2 Nxd4 22. Rdxd4 Rxd4 23. Bxd4 Bxh3 24. Nh4 Qg5 25. Be3 Qd5 26. Bc5 Be6 27. Bxf8 Kxf8 28. Nf3 g5 29. Rd4 Qf5 30. Qd3 Qf6 31. Qh7 g4 32. Rd3 gxf3 33. gxf3 Bf5 0-1


[Site "https://www.chess.com"]

[Event "Titled Tuesday Blitz January 17 Late 2023"]
[White "Pakleza, Zbigniew"]
[Black "Paravyan, David"]
[WhiteFideId "1119290"]
[BlackFideId "4194985"]
[WhiteElo "2494"]
[BlackElo "2601"]
[Result "1/2-1/2"]
[Round "06"]
[TimeControl "180+2"]
[Date "2023.01.17"]
[WhiteClock "0:00:04"]
[BlackClock "0:00:06"]

1. d4 Nf6 2. Nf3 g6 3. Bf4 Bg7 4. e3 d6 5. h3 c5 6. c3 cxd4 7. cxd4 Nd5 8. Bg3 Qb6 9. Qd2 O-O 10. Bc4 Be6 11. Na3 Nc6 12. O-O Na5 13. Be2 Nb4 14. b3 Rac8 15. Nc4 Bxc4 16. bxc4 Nxc4 17. Bxc4 Rxc4 18. Rfb1 Qa5 19. a3 Nc6 20. Rxb7 Qd5 21. Rab1 a6 22. Kh2 Qe4 23. R1b6 Bf6 24. Qb2 Na5 25. Ra7 Rcc8 26. Qb1 Qd5 27. Rbxa6 Nc4 28. Qb7 Qe6 29. Qb3 d5 30. Qd3 Qf5 31. Qxf5 gxf5 32. a4 Kg7 33. Ne5 Bxe5 34. dxe5 Rfe8 35. a5 Rc5 36. h4 h5 37. Bf4 e6 38. Kg3 Kg6 39. f3 Rb5 40. Rc7 Rxa5 41. Rac6 Ra3 42. Rd7 Nxe3 43. Rcc7 Rf8 44. Bg5 Nc4 45. Be7 Rg8 46. Bf6 Kh6+ 47. Kh3 Rf8 48. Rxf7 Rxf7 49. Rxf7 Ra1 50. Bg5+ Kg6 51. Rf6+ Kg7 52. Rxe6 d4 53. Re7+ Kg6 54. Rd7 Rh1+ 55. Kg3 Nxe5 56. Rd6+ Kh7 57. Rxd4 Nf7 58. Rd7 Kg6 59. Bf4 Re1 60. Rc7 Re6 61. Rc8 Kg7 62. Bg5 Re2 63. Rc6 Nxg5 64. hxg5 f4+ 65. Kh3 Re1 66. Kh2 Re5 67. g6 Rf5 68. Kh3 Kh6 69. Kh4 Re5 70. Rf6 Re1 71. Rxf4 Rh1+ 72. Kg3 Kxg6 73. Rh4 Ra1 74. Re4 Kg5 75. Re5+ Kg6 76. Rd5 Rb1 77. Rd6+ Kg5 78. Rd5+ Kg6 79. Rd4 Kg5 80. Ra4 Rc1 81. Kf2 h4 82. Ra5+ Kf4 83. Ra4+ Kg5 84. Rg4+ Kh5 85. Rg8 Rc2+ 86. Kg1 Rc1+ 87. Kh2 Rb1 88. Rh8+ Kg5 89. Rg8+ Kh5 90. f4 Rf1 91. Rf8 Kg4 92. Rg8+ Kh5 93. Rg5+ Kh6 94. Rf5 Kg6 95. Rf8 Kh5 96. f5 Kg5 97. f6 Rxf6 98. Rxf6 Kxf6 99. Kh3 Kg5 100. g3 hxg3 101. Kxg3 1/2-1/2


[Site "https://www.chess.com"]

[Event "Titled Tuesday Blitz January 17 Late 2023"]
[White "Bluebaum, Matthias"]
[Black "Iniyan, P"]
[WhiteFideId "24651516"]
[BlackFideId "25002767"]
[WhiteElo "2669"]
[BlackElo "2525"]
[Result "1-0"]
[Round "06"]
[TimeControl "180+2"]
[Date "2023.01.17"]
[WhiteClock "0:00:37"]
[BlackClock "0:01:05"]

1. d4 Nf6 2. c4 g6 3. Nc3 Bg7 4. e4 d6 5. Nf3 O-O 6. Be2 e5 7. Be3 Ng4 8. Bg5 f6 9. Bh4 Nc6 10. d5 Ne7 11. Nd2 Nh6 12. f3 g5 13. Bf2 f5 14. c5 Ng6 15. Nc4 Nf4 16. O-O g4 17. fxg4 fxe4 18. cxd6 Nxe2+ 19. Qxe2 Bxg4 20. Qxe4 cxd6 21. Ne3 Qg5 22. Nxg4 Nxg4 23. Bg3 Ne3 24. Rxf8+ Rxf8 25. Re1 Nf5 26. Bf2 Nd4 27. Bxd4 exd4 28. Qe6+ Kh8 29. Ne4 Qf4 30. Qxd6 Be5 31. g3 Bxd6 32. gxf4 Bxf4 33. Kg2 Rd8 34. Nf6 Bg5 35. Re8+ Rxe8 36. Nxe8 Kg8 37. Nd6 Bf4 38. Nxb7 d3 39. Kf3 Bxh2 40. d6 Kf7 41. d7 Bc7 42. d8=Q Bxd8 43. Nxd8+ Kf6 44. Ke3 h5 45. Kxd3 h4 46. Ke4 1-0


[Site "https://www.chess.com"]

[Event "Titled Tuesday Blitz January 17 Late 2023"]
[White "Sanal, Vahap"]
[Black "Mahdavi, Reza"]
[WhiteFideId "6300545"]
[BlackFideId "12595926"]
[WhiteElo "2600"]
[BlackElo "2339"]
[Result "1-0"]
[Round "06"]
[TimeControl "180+2"]
[Date "2023.01.17"]
[WhiteClock "0:00:40"]
[BlackClock "0:00:35"]

1. d4 Nf6 2. Nf3 g6 3. g3 Bg7 4. Bg2 O-O 5. O-O d6 6. b3 c5 7. Bb2 cxd4 8. Nxd4 d5 9. c4 dxc4 10. bxc4 Qb6 11. Qc1 Nfd7 12. Rd1 Na6 13. e3 Nac5 14. Nc3 e6 15. Rb1 a6 16. a4 Qc7 17. Ba3 Rb8 18. h4 h5 19. Qc2 Ne5 20. Ne4 b6 21. a5 Nxe4 22. Bxf8 Bxf8 23. Bxe4 bxa5 24. Rxb8 Qxb8 25. Nc6 Nxc6 26. Bxc6 Qc7 27. Qa4 Bc5 28. Kg2 Bb4 29. Bf3 Bb7 30. Qe8+ Kg7 31. Rd7 Bxf3+ 32. Kxf3 Qc6+ 33. e4 1-0


[Site "https://www.chess.com"]

[Event "Titled Tuesday Blitz January 17 Late 2023"]
[White "Dominguez Perez, Leinier"]
[Black "Borges Feria, Yasel"]
[WhiteFideId "3503240"]
[BlackFideId "3504921"]
[WhiteElo "2739"]
[BlackElo "2439"]
[Result "0-1"]
[Round "06"]
[TimeControl "180+2"]
[Date "2023.01.17"]
[WhiteClock "0:00:15"]
[BlackClock "0:00:37"]

1. d4 Nf6 2. Nf3 e6 3. e3 c5 4. Bd3 b6 5. O-O Bb7 6. c4 cxd4 7. exd4 d6 8. Nc3 Be7 9. d5 e5 10. Nh4 Nxd5 11. Nf5 Nxc3 12. Nxg7+ Kd7 13. bxc3 Kc7 14. Nf5 Rg8 15. g3 Nd7 16. Ba3 Nf6 17. Qe2 Qd7 18. Rad1 Rad8 19. Bc2 Qc6 20. f3 Rge8 21. Ne3 Kb8 22. Rd2 Rc8 23. Qd1 d5 24. Ba4 Qc7 25. Bxe7 Rxe7 26. cxd5 Qc5 27. Qe2 Nxd5 28. Re1 Nxc3 0-1


[Site "https://www.chess.com"]

[Event "Titled Tuesday Blitz January 17 Late 2023"]
[White "Zierk, Steven"]
[Black "Nasuta, Grzegorz"]
[WhiteFideId "2034255"]
[BlackFideId "1141686"]
[WhiteElo "2488"]
[BlackElo "2552"]
[Result "1/2-1/2"]
[Round "06"]
[TimeControl "180+2"]
[Date "2023.01.17"]
[WhiteClock "0:00:08"]
[BlackClock "0:00:05"]

1. e4 c5 2. Nf3 d6 3. d4 cxd4 4. Nxd4 Nf6 5. Nc3 a6 6. h3 e6 7. g4 h6 8. Bg2 Be7 9. Be3 Nc6 10. Nxc6 bxc6 11. e5 Nd5 12. exd6 Qxd6 13. Qd2 Qb4 14. Bd4 O-O 15. Ne4 c5 16. c3 cxd4 17. cxb4 Bxb4 18. Nc3 dxc3 19. bxc3 Bxc3 20. Qxc3 Nxc3 21. Bxa8 Bd7 22. Bf3 Bb5 23. Kd2 Na4 24. Rhd1 f5 25. Ke3 Nb2 26. Rdc1 Nc4+ 27. Kd4 Rd8+ 28. Kc5 Ne5 29. Bb7 Nd3+ 30. Kb6 Nxc1 31. Rxc1 fxg4 32. hxg4 Rd2 33. Bc8 Kf7 34. Re1 Rxf2 35. Bxe6+ Kf6 36. Bb3 Kg5 37. a4 Be2 38. Be6 g6 39. a5 Bb5 40. Bc8 Rf6+ 41. Ka7 h5 42. gxh5 gxh5 43. Re5+ Kh6 44. Rc5 h4 45. Bg4 Rg6 46. Rh5+ Kg7 47. Rxh4 Kf6 48. Bc8 Ke5 49. Rh7 Kd4 50. Rc7 Rd6 51. Bb7 Rf6 52. Rc2 Rh6 53. Bg2 Rf6 54. Rc7 Rh6 55. Bb7 Rf6 56. Bc8 Rh6 57. Bg4 Rf6 58. Bd7 Rf7 59. Kb6 Rxd7 60. Rxd7+ Bxd7 61. Kxa6 Kc5 62. Kb7 Bc6+ 63. Kc7 Bb5 64. a6 Bxa6 1/2-1/2


[Site "https://www.chess.com"]

[Event "Titled Tuesday Blitz January 17 Late 2023"]
[White "Zakhartsov, Vladimir"]
[Black "Dimitrov, Atanas"]
[WhiteFideId "4145097"]
[BlackFideId "2901315"]
[WhiteElo "2552"]
[BlackElo "2269"]
[Result "1-0"]
[Round "06"]
[TimeControl "180+2"]
[Date "2023.01.17"]
[WhiteClock "0:01:01"]
[BlackClock "0:00:29"]

1. e4 c5 2. Nf3 d6 3. c3 Nf6 4. Bd3 g6 5. h3 Bg7 6. Bc2 O-O 7. d4 cxd4 8. cxd4 Nc6 9. O-O b6 10. Nc3 Bb7 11. Re1 Rc8 12. Bf4 Na5 13. Qe2 Nc4 14. Bd3 Na5 15. Rad1 a6 16. Bxa6 Bxa6 17. Qxa6 Nc4 18. Qb5 e6 19. e5 Nh5 20. Bh2 Bh6 21. d5 Rc5 22. Qb4 exd5 23. exd6 Bf4 24. Nxd5 Bxh2+ 25. Nxh2 Qg5 26. Nf3 Qd8 27. d7 Kg7 28. Nxb6 Qxb6 29. Qxb6 Nxb6 30. d8=Q Rxd8 31. Rxd8 Nc4 32. Rc1 Nf4 33. Rc2 Ne6 34. Rd1 1-0


[Site "https://www.chess.com"]